 Dungeon Crawl Stone Soup version 0.25.1-2-g60ff931df9 (webtiles) character file.

Game seed: 5462526894558195972

312 H0rd4k the Insei (level 6, 0/38 HPs)
             Began as an Octopode Transmuter on Aug 27, 2020.
             Killed from afar by an orc wizard (9 damage)
             ... with a puff of flame
             ... on level 4 of the Dungeon.
             The game lasted 00:04:25 (3649 turns).

H0rd4k the Insei (Octopode Transmuter)              Turns: 3649, Time: 00:04:25

Health: 0/38       AC:  1    Str:  9    XL:     6   Next: 42%
Magic:  10/10      EV: 14    Int: 18    God:
Gold:   235        SH:  0    Dex: 12    Spells: 5/11 levels left

rFire    . . .     SeeInvis .     - Unarmed
rCold    . . .     Gourm    .   (no shield)
rNeg     . . .     Faith    .   (helmet restricted)
rPois    .         Spirit   .   (no amulet)
rElec    .         Reflect  .   (no ring)
rCorr    .         Harm     .   (no ring)
MR       .....                  (no ring)
Stlth    +++.......             (no ring)
HPRegen  0.12/turn              (no ring)
MPRegen  0.12/turn              (no ring)
                                (no ring)
                                (no ring)

@: appendage (expiring), very slightly contaminated
A: almost no armour, stealthy swim, amphibious, 8 rings, constrict 8, tentacle
spike 3, camouflage 1, gelatinous body 1
a: End Transformation


You were on level 4 of the Dungeon.
You were not hungry.
One of your tentacles had a temporary spike.
You visited 1 branch of the dungeon, and saw 4 of its levels.

You collected 235 gold pieces.

Inventory:

Missiles
 a - 40 arrows
 w - 31 poisoned darts (quivered)
Jewellery
 t - an uncursed ring of see invisible {unknown}
Wands
 d - a wand of disintegration (12)
 r - a wand of iceblast (12)
 s - a wand of paralysis (4)
Scrolls
 b - 2 scrolls of remove curse {unknown}
 i - 4 scrolls of teleportation {unknown}
 m - 2 scrolls of immolation {unknown}
 n - a scroll of random uselessness {unknown}
 q - 3 scrolls of identify {unknown}
 u - a scroll of magic mapping {unknown}
 v - a scroll of fog {unknown}
Potions
 e - a potion of magic {unknown}
 f - a potion of stabbing {unknown}
 h - a potion of heal wounds {unknown}
 j - a potion of resistance {unknown}
 k - a potion of degeneration {unknown}
 l - a potion of berserk rage {unknown}
 p - a potion of mutation {unknown}
 x - a potion of haste {unknown}
 A - a potion of flight {unknown}
Comestibles
 c - 10 rations
 z - 4 chunks of flesh


   Skills:
 + Level 1.3 Fighting
 + Level 2.8 Dodging
 + Level 3.6 Stealth
 + Level 4.5 Unarmed Combat
 * Level 3.2 Spellcasting
 * Level 3.1 Transmutations


You had 5 spell levels left.
You knew the following spells:

 Your Spells              Type           Power        Failure   Level  Hunger
a - Beastly Appendage     Tmut           ##....       4%          1    None
b - Sticks to Snakes      Tmut           ##......     7%          2    ##.....
c - Spider Form           Tmut/Pois      #.........   26%         3    ###....

Your spell library contained the following spells:

 Spells                   Type           Power        Failure   Level  Hunger
 Ice Form                 Ice/Tmut       #.......     63%         4    ####...
 Blade Hands              Tmut           ##........   77%         5    ######.


Dungeon Overview and Level Annotations

Branches:
Dungeon (4/15)
 Temple: D:4-7

Altars:
Sif Muna
Trog
Wu Jian

Annotations:
D:3 exclusion: downstairs


Innate Abilities, Weirdness & Mutations

You cannot wear most types of armour.
You are very stealthy in the water. (Stealth+)
You are amphibious.
You can wear up to eight rings at the same time.
You can use your tentacles to constrict eight enemies at once.
Your skin changes colour to match your surroundings (Stealth+).
Your rubbery body absorbs attacks. (AC +1, EV +1)
One of your tentacles bears a large vicious spike.


Message History

You feel sick. The orc hits you with a +0 club.
* * * LOW HITPOINT WARNING * * *
You feel better.
You constrict the orc. The orc closely misses you.
The orc wizard casts a spell.
The orc wizard seems to speed up.
Blink to where?
Press: ? - help, Dir - move target cursor, p - orc priest You lose your grip on something.
You are very lightly contaminated with residual magic.
As you read the scroll labeled MIQIAL NOET, it crumbles to dust.
It was a scroll of blinking.
The orc wizard zaps a wand.
The puff of flame misses you.
The orc wizard gestures wildly while chanting.
The orc wizard blinks!
Your transformation is almost over.
The orc wizard casts a spell at you. The magic dart hits you!
* * * LOW HITPOINT WARNING * * *
The orc wizard zaps a wand.
The puff of flame hits you!
You die...

####### ......#
#####################
#.######..........o......o...
#.##.....##........##########
#####.##.....##........# ########
....#.##.....##........###.......
##.#...................'.........
.............#..@......###.####.#
##.#..###.#..#.........# #.#
#.#..# #.#..#.#+####### #.#
##.#..###.#..#.# #####'##
...o...##.#..#.#.#####......###.#
#...>................+......)...#
#....###.....#+#######......###.#
#....# #........................+
##.#.# #........########.######.#


You could see an orc wizard (fast).

Vanquished Creatures
  A scorpion (D:4)
  A crimson imp (D:3)
  A hound (D:4)
  An orc priest (D:3)
  An orc wizard (D:3)
  Ijyb (D:3)
  A worker ant (D:2)
  2 adders (D:3)
  A leopard gecko (D:3)
  9 orcs
  A ball python (D:2)
  4 giant cockroaches
  5 goblins
  6 hobgoblins
  3 jackals (D:3)
  4 kobolds
  2 quokkas
  5 bats
  7 frilled lizards
  A quokka skeleton (D:4)
  8 rats
65 creatures vanquished.

Notes
Turn   | Place    | Note
-------+----------+-------------------------------------------
     0 | D:1      | H0rd4k the Octopode Transmuter began the quest for the Orb.
     0 | D:1      | Reached XP level 1. HP: 13/13 MP: 3/3
   233 | D:1      | Reached XP level 2. HP: 18/18 MP: 5/5
   696 | D:1      | Learned a level 2 spell: Sticks to Snakes
   872 | D:2      | Found a faded altar of an unknown god.
   872 | D:2      | Found an ornate altar of the Wu Jian Council.
   877 | D:2      | Found a faded altar of an unknown god.
   929 | D:2      | Found a bloodstained altar of Trog.
   931 | D:2      | Found a shimmering blue altar of Sif Muna.
  1307 | D:2      | Reached skill level 1 in Stealth
  1359 | D:2      | Reached XP level 3. HP: 22/23 MP: 6/6
  1426 | D:2      | Learned a level 3 spell: Spider Form
  1658 | D:3      | Noticed Ijyb
  1670 | D:3      | Killed Ijyb
  1670 | D:3      | Reached XP level 4. HP: 24/28 MP: 5/7
  1827 | D:3      | Reached skill level 4 in Unarmed Combat
  1827 | D:3      | Reached XP level 5. HP: 27/33 MP: 9/9
  2659 | D:4      | Noticed a sky beast
  2731 | D:4      | Reached XP level 6. HP: 30/38 MP: 6/10
  3649 | D:4      | Killed from afar by an orc wizard

Illustrated notes

Levels and vault maps discovered:
D:1:      minmay_arrival_solitary_statue, layout_loops_cross, minivault_24
D:2:      layout_basic, chequers_temple_overflow_minitemple, minmay_distorted
D:3:      layout_basic, uniq_ijyb
D:4:      layout_basic, minmay_misc_feat_cross

Skill      XL: |  1  2  3  4  5 |
---------------+----------------+-----
Stealth        | 1 2 3 |  3.6
Unarmed Combat | 4 |  4.5
Spellcasting   | 3 |  3.2
Transmutations | 3 |  3.1
Fighting       | |  1.3
Dodging        | |  2.8

Action                   |  1- 3 |  4- 6 || total
-------------------------+-------+-------++-------
Melee: Unarmed           |    56 |   111 ||   167
       Constrict         |    13 |    32 ||    45
       Tentacles         |     7 |    26 ||    33
       Kick              |     4 |    10 ||    14
       Punch             |     1 |     8 ||     9
Throw: Dart              |       |     3 ||     3
 Cast: Beastly Appendage |     1 |     3 ||     4
       Spider Form       |       |     1 ||     1
  Use: Potion            |     1 |     1 ||     2
       Scroll            |       |     1 ||     1
 Stab: Sleeping          |     5 |     5 ||    10
  Eat: Chunk             |     2 |     7 ||     9
Armor: Skin              |     2 |    12 ||    14
Dodge: Dodged            |    29 |    55 ||    84
